Map: Pillars of Gold LE

Players

INnoVation

  • Race: Terran Terran
  • Spawn Location: 7:00

Serral - Winner!

  • Race: Zerg Zerg
  • Spawn Location: 1:00

Event: IEM Katowice 2021

VOD

Have the link to the VOD?

Description

Time

  • Played on: Feb. 23, 2021, 11:22 a.m.
  • Length: 7:55

All games in this series

Show
View Real Time Build Order
Export as new Build Order

INnoVation Terran 

Build Orders: 2 Factory, Reaper Expand 

Get SALT Encoding   

  12  0:00  SCV  
  13  0:12  SCV  
  14  0:18  Supply Depot  
  14  0:24  SCV  
  15  0:39  SCV  
  15  0:40  Barracks  
  16  0:45  Refinery  
  16  0:51  SCV  
  17  1:03  SCV  
  18  1:16  SCV  
  19  1:27  Reaper  
  19  1:28  Orbital Command  
  20  1:43  Command Center  
  20  1:53  Supply Depot  
  20  1:54  SCV  
  21  1:59  Marine  
  22  2:06  SCV  
  23  2:16  Factory  
  23  2:18  SCV  
  23  2:22  Barracks Reactor  
  24  2:30  SCV  
  25  2:42  Command Center  
  25  2:44  SCV  
  26  2:55  Orbital Command  
  26  2:57  SCV  
  27  3:05  Factory  
  27  3:09  SCV  
  27  3:10  Refinery  
  27  3:12  Marine  
  29  3:21  SCV x2  
  29  3:23  Hellion  
  29  3:26  Hellion  
  35  3:30  Barracks Tech Lab  
  35  3:33  SCV x2  
  37  3:45  Hellion, SCV x2  
  37  3:47  Hellion  
  43  3:54  Orbital Command  
  42  3:56  Infernal Pre-Igniter  
  42  3:57  Barracks Tech Lab  
  42  3:58  Hellion  
  42  3:59  SCV  
  42  4:00  SCV  
  46  4:07  Hellion  
  50  4:10  Hellion  
  50  4:12  Supply Depot  
  50  4:14  SCV x2  
  52  4:18  Stimpack  
  52  4:23  Orbital Command  
  53  4:26  SCV x2  
  53  4:27  Hellion  
  53  4:29  Hellion  
  58  4:32  Hellion  
  58  4:37  Supply Depot  
  58  4:38  SCV x2  
  62  4:49  SCV, Hellion  
  62  4:50  SCV x2  
  62  4:51  Hellion  
  69  4:56  Supply Depot  
  69  4:58  Marine  
  69  4:59  Hellion  
  72  5:00  Supply Depot  
  72  5:02  SCV x3  
  75  5:13  Hellion  
  75  5:14  Barracks x2  
  77  5:18  Hellion, SCV x3  
  77  5:20  Hellion  
  72  5:29  Engineering Bay x2  
  72  5:30  SCV x3  
  72  5:34  Hellion  
  77  5:39  Hellion, Refinery  
  77  5:40  Refinery  
  77  5:41  Hellion  
  81  5:45  SCV x3  
  84  5:57  SCV x3  
  84  5:58  Barracks  
  84  5:59  Barracks  
  84  6:00  Supply Depot  
  89  6:04  Hellion x3, Barracks Reactor x2  
  91  6:13  Starport  
  91  6:14  SCV x2  
  93  6:19  Armory  
  93  6:22  SCV  
  93  6:24  Supply Depot  
  94  6:27  Supply Depot  
  94  6:28  SCV x2  
  96  6:33  Refinery  
  96  6:34  SCV, Supply Depot  
  96  6:36  Combat Shield  
  96  6:38  Factory Reactor  
  97  6:40  SCV x2  
  97  6:44  Marine x2  
  97  6:45  Marine x2, Barracks Reactor  
  97  6:46  SCV  
  104  6:47  Supply Depot  
  104  6:49  Barracks Reactor  
  104  6:50  Refinery  
  104  6:54  Siege Tank  
  107  6:55  Factory Tech Lab  
  107  6:57  SCV  
  107  6:58  SCV x2  
  108  7:02  Supply Depot  
  108  7:06  Marauder, Marine x4  
  108  7:07  Medivac x2  
  113  7:15  SCV x2  
  113  7:16  SCV  
  118  7:24  Marine x4  
  118  7:28  Marauder  
  124  7:30  Command Center  
Show
View Real Time Build Order
Export as new Build Order

Serral Zerg - Winner!

Build Orders: Hatch First 

Get SALT Encoding   

  12  0:00  Drone  
  13  0:12  Overlord  
  13  0:18  Drone  
  14  0:31  Drone x2  
  16  0:50  Hatchery  
  16  0:53  Drone  
  17  0:57  Drone  
  17  1:00  Drone  
  18  1:10  Extractor  
  17  1:16  Spawning Pool  
  16  1:19  Drone  
  16  1:23  Drone  
  18  1:28  Drone  
  19  1:38  Drone  
  20  1:49  Drone  
  21  2:02  Queen  
  21  2:03  Zergling x4, Queen  
  27  2:12  Overlord, Drone  
  27  2:14  Metabolic Boost  
  28  2:33  Hatchery  
  28  2:36  Drone  
  28  2:38  Drone  
  28  2:41  Drone  
  28  2:44  Drone  
  31  2:45  Drone  
  32  2:53  Queen  
  32  2:58  Overlord  
  34  3:00  Drone  
  34  3:03  Drone  
  36  3:17  Overlord, Drone x4  
  40  3:21  Drone  
  40  3:23  Drone  
  42  3:29  Queen  
  44  3:35  Queen  
  44  3:36  Overlord  
  47  3:41  Drone x2  
  47  3:46  Drone x2  
  50  3:51  Zergling x2, Queen  
  53  3:56  Drone x2  
  53  3:57  Overlord  
  53  3:59  Zergling x2  
  53  4:01  Zergling x2  
  53  4:02  Drone  
  58  4:06  Queen  
  58  4:09  Zergling x2  
  61  4:12  Overlord  
  61  4:13  Drone  
  61  4:14  Drone  
  63  4:19  Drone x3  
  63  4:20  Drone  
  67  4:27  Zergling x2, Drone  
  67  4:30  Drone  
  70  4:33  Lair  
  70  4:35  Spore Crawler  
  70  4:37  Drone x5  
  74  4:40  Zergling x2, Extractor  
  74  4:44  Spore Crawler  
  72  4:45  Spore Crawler  
  72  4:46  Drone x2  
  72  4:52  Roach Warren  
  72  4:53  Drone x2  
  72  4:55  Extractor  
  72  4:56  Zergling x4  
  72  4:59  Drone x2  
  77  5:02  Extractor  
  77  5:04  Drone x3  
  79  5:09  Drone  
  79  5:10  Evolution Chamber x2  
  79  5:11  Overlord  
  79  5:12  Drone  
  79  5:14  Zergling x2  
  80  5:25  Zergling x6  
  78  5:28  Drone  
  78  5:32  Roach x5  
  78  5:33  Glial Reconstitution  
  78  5:34  Drone  
  89  5:38  Extractor, Drone  
  89  5:39  Extractor  
  89  5:40  Overlord  
  89  5:41  Overlord  
  88  5:43  Overseer  
  88  5:45  Overlord  
  88  5:48  Drone  
  89  5:52  Zerg Missile Weapons Level 1  
  89  5:53  Zerg Ground Armor Level 1  
  89  6:00  Drone x4  
  89  6:01  Drone  
  92  6:04  Drone  
  92  6:08  Drone x3  
  95  6:11  Drone x2  
  95  6:13  Drone  
  95  6:14  Overlord  
  95  6:15  Roach x2  
  95  6:16  Roach  
  104  6:19  Roach  
  104  6:20  Overlord  
  104  6:21  Overseer  
  106  6:30  Roach x3  
  112  6:36  Hatchery  
  110  6:41  Roach x3  
  110  6:44  Overlord  
  110  6:46  Roach  
  115  6:54  Roach x5  
  115  6:57  Ravager x5  
  115  6:59  Overlord  
  115  7:01  Overlord  
  130  7:05  Ravager x3  
  130  7:07  Roach x2  
  137  7:10  Overlord  
  137  7:14  Overlord  
  137  7:15  Overlord  
  137  7:20  Roach x4  
  137  7:22  Ravager x2  
  147  7:25  Roach x2  
  151  7:32  Roach x4  

Tags
 
Add a new tag
Caveats
  • Supply blocks, unpowered buildings, or Contaminate may cause inaccurate times.
  • Supply counts are checked every 10 seconds.